| TOP OF THE 1ST |
|
California Angels batting - Pitching for Seattle Mariners : RHP Jake Underhill
|
|
Pitching: RHP Jake Underhill
|
|
|
Batting: LHB Rusty Ney
|
0-0: Ball 1-0: Ball 2-0: Ball 3-0: Called Strike 3-1: Swinging Strike 3-2: Ground out 6-3 (Groundball, 6M, EV 103.8 MPH)
|
|
Batting: RHB Nick Dunn
|
0-0: DOUBLE (Groundball, 5L, EV 105.6 MPH)
|
|
Batting: RHB Preston Deakyne
|
0-0: Ball 1-0: SINGLE (Line Drive, 34, EV 99.4 MPH) Nick Dunn to third
|
|
Batting: LHB Mark Reeg
|
0-0: Called Strike Preston Deakyne steals 2nd base 0-1: Ball 1-1: Swinging Strike 1-2: Ball 2-2: Fly out, F9 (Flyball, 9, EV 96.2 MPH)
|
|
Batting: RHB Alain Delhaye
|
0-0: Ball 1-0: Ball 2-0: Ball 3-0: Base on Balls
|
|
Batting: LHB Jonathon Walton
|
0-0: Ground out U3 (Groundball, 3, EV 94.4 MPH)
|
| Top of the 1st over - 0 runs, 2 hits, 0 errors, 3 left on base; California 0 - Seattle 0 |
| BOTTOM OF THE 1ST |
|
Seattle Mariners batting - Pitching for California Angels : RHP Harambe Vick
|
|
Pitching: RHP Harambe Vick
|
|
|
Batting: RHB Tony Vargas
|
0-0: Ball 1-0: Fly out, F3 (Line Drive, 3, EV 71.2 MPH)
|
|
Batting: LHB Dae-ik Yoon
|
0-0: Called Strike 0-1: Ball 1-1: SINGLE (Line Drive, 8RS, EV 109.4 MPH)
|
|
Batting: RHB Jose Vasquez
|
0-0: Ball 1-0: Swinging Strike 1-1: Swinging Strike 1-2: Ball 2-2: Foul Ball, location: 2F 2-2: Foul Ball, location: 2F 2-2: Strikes out swinging
|
|
Batting: LHB Tommy Luce
|
0-0: Ball Dae-ik Yoon is caught stealing 2nd base 2-6
|
| Bottom of the 1st over - 0 runs, 1 hit, 0 errors, 0 left on base; California 0 - Seattle 0 |
| TOP OF THE 2ND |
|
California Angels batting - Pitching for Seattle Mariners : RHP Jake Underhill
|
|
Batting: RHB Bjoern Waltersson
|
0-0: Called Strike 0-1: Ball 1-1: Foul Ball, location: 2F 1-2: Ball 2-2: Strikes out swinging
|
|
Batting: LHB Javier Trujillo
|
0-0: Called Strike 0-1: Ball 1-1: Foul Ball, location: 2F 1-2: Ball 2-2: Fly out, F6 (Popup, 4MD, EV 58.8 MPH)
|
|
Batting: RHB Ryuji Ito
|
0-0: Fly out, F9 (Flyball, 89M, EV 86.9 MPH)
|
| Top of the 2nd over - 0 runs, 0 hits, 0 errors, 0 left on base; California 0 - Seattle 0 |
| BOTTOM OF THE 2ND |
|
Seattle Mariners batting - Pitching for California Angels : RHP Harambe Vick
|
|
Batting: LHB Tommy Luce
|
0-0: Called Strike 0-1: SOLO HOME RUN (Flyball, 9LD, EV 96.9 MPH), Distance : 361 ft
|
|
Batting: RHB Pavpv Ivanushkin
|
0-0: Swinging Strike 0-1: Called Strike 0-2: Ball 1-2: Strikes out swinging
|
|
Batting: RHB Jimmy Hammertime
|
0-0: Ball 1-0: Called Strike 1-1: Foul Ball, location: 2F 1-2: Ball 2-2: Ball 3-2: Base on Balls
|
|
Batting: SHB Ray Skogen
|
0-0: Called Strike 0-1: Called Strike 0-2: Strikes out swinging
|
|
Batting: RHB Rick Ellis
|
0-0: Ball 1-0: Ball 2-0: Foul Ball, location: 2F 2-1: Foul Ball, location: 2F 2-2: Strikes out swinging
|
| Bottom of the 2nd over - 1 run, 1 hit, 0 errors, 1 left on base; California 0 - Seattle 1 |
| TOP OF THE 3RD |
|
California Angels batting - Pitching for Seattle Mariners : RHP Jake Underhill
|
|
Batting: LHB Rusty Ney
|
0-0: Foul Ball, location: 2F 0-1: DOUBLE (Line Drive, 9LM, EV 105.6 MPH)
|
|
Batting: RHB Nick Dunn
|
0-0: Called Strike 0-1: Ground out 6-3 (Groundball, 56, EV 79.4 MPH)
|
|
Batting: RHB Preston Deakyne
|
0-0: Called Strike 0-1: Ball 1-1: Foul Ball, location: 2F 1-2: Strikes out swinging
|
|
Batting: LHB Mark Reeg
|
0-0: Foul Ball, location: 2F 0-1: Foul Ball, location: 2F 0-2: Foul Ball, location: 2F 0-2: Foul Ball, location: 2F 0-2: Ball 1-2: Strikes out looking
|
| Top of the 3rd over - 0 runs, 1 hit, 0 errors, 1 left on base; California 0 - Seattle 1 |
| BOTTOM OF THE 3RD |
|
Seattle Mariners batting - Pitching for California Angels : RHP Harambe Vick
|
|
Batting: RHB Malik Brookshire
|
0-0: Called Strike 0-1: Fly out, F6 (Line Drive, 6M, EV 77.5 MPH)
|
|
Batting: RHB Tony Vargas
|
0-0: Ball 1-0: Called Strike 1-1: Ground out 6-3 (Groundball, 6S, EV 65.6 MPH)
|
|
Batting: LHB Dae-ik Yoon
|
0-0: Ball 1-0: Foul Ball, location: 2F 1-1: Fly out, F5 (Popup, 25F, EV 82.5 MPH)
|
| Bottom of the 3rd over - 0 runs, 0 hits, 0 errors, 0 left on base; California 0 - Seattle 1 |
| TOP OF THE 4TH |
|
California Angels batting - Pitching for Seattle Mariners : RHP Jake Underhill
|
|
Batting: RHB Alain Delhaye
|
0-0: Ground out 5-3 (Groundball, 5D, EV 83.1 MPH)
|
|
Batting: LHB Jonathon Walton
|
0-0: Ball 1-0: Ball 2-0: Fly out, F5 (Popup, 25, EV 88.8 MPH)
|
|
Batting: RHB Bjoern Waltersson
|
0-0: Ball 1-0: Ball 2-0: Ball 3-0: Base on Balls
|
|
Batting: LHB Javier Trujillo
|
0-0: Fielders Choice at 2nd, 6-4 (Groundball, 6, EV 85.6 MPH)
|
| Top of the 4th over - 0 runs, 0 hits, 0 errors, 1 left on base; California 0 - Seattle 1 |
| BOTTOM OF THE 4TH |
|
Seattle Mariners batting - Pitching for California Angels : RHP Harambe Vick
|
|
Batting: RHB Jose Vasquez
|
0-0: Called Strike 0-1: Called Strike 0-2: SINGLE (Line Drive, 6D, EV 110.0 MPH)
|
|
Batting: LHB Tommy Luce
|
0-0: Ball 1-0: Ball 2-0: Ball 3-0: Called Strike 3-1: Called Strike 3-2: SINGLE (Line Drive, 78S, EV 105.0 MPH) Jose Vasquez to second Jose Vasquez to third
|
|
Batting: RHB Pavpv Ivanushkin
|
0-0: Called Strike 0-1: Foul Ball, location: 2F 0-2: Ball 1-2: Grounds into double play, 6-4-3 (Groundball, 6, EV 83.8 MPH) Jose Vasquez scores
|
|
Batting: RHB Jimmy Hammertime
|
0-0: Ball 1-0: Ball 2-0: SINGLE (Flyball, 89S, EV 98.1 MPH)
|
|
Batting: SHB Ray Skogen
|
0-0: Ball 1-0: DOUBLE (Line Drive, 9LS, EV 98.8 MPH) Jimmy Hammertime to third Runner from 3rd tries for Home, SAFE, no throw by RF
|
|
Batting: RHB Rick Ellis
|
0-0: Ball 1-0: Ball 2-0: Fly out, F9 (Flyball, 89S, EV 89.4 MPH)
|
| Bottom of the 4th over - 2 runs, 4 hits, 0 errors, 1 left on base; California 0 - Seattle 3 |
| TOP OF THE 5TH |
|
California Angels batting - Pitching for Seattle Mariners : RHP Jake Underhill
|
|
Batting: RHB Ryuji Ito
|
0-0: Ball 1-0: Ball 2-0: Ball 3-0: Called Strike 3-1: Base on Balls
|
|
Batting: LHB Rusty Ney
|
0-0: Fly out, F8 (Flyball, 8LD, EV 92.5 MPH)
|
|
Batting: RHB Nick Dunn
|
0-0: Ball 1-0: Ball 2-0: Grounds into double play, 6-4-3 (Groundball, 6, EV 88.8 MPH)
|
| Top of the 5th over - 0 runs, 0 hits, 0 errors, 0 left on base; California 0 - Seattle 3 |
| BOTTOM OF THE 5TH |
|
Seattle Mariners batting - Pitching for California Angels : RHP Harambe Vick
|
|
Batting: RHB Malik Brookshire
|
0-0: Ball 1-0: Called Strike 1-1: Ground out U3 (Groundball, 3, EV 82.5 MPH)
|
|
Batting: RHB Tony Vargas
|
0-0: Swinging Strike 0-1: Swinging Strike 0-2: Ball 1-2: Strikes out looking
|
|
Batting: LHB Dae-ik Yoon
|
0-0: Ball 1-0: Ball 2-0: Swinging Strike 2-1: Ball 3-1: Base on Balls
|
|
Batting: RHB Jose Vasquez
|
0-0: Foul Ball, location: 2F 0-1: Ball 1-1: Swinging Strike 1-2: Ball 2-2: Strikes out swinging
|
| Bottom of the 5th over - 0 runs, 0 hits, 0 errors, 1 left on base; California 0 - Seattle 3 |
| TOP OF THE 6TH |
|
California Angels batting - Pitching for Seattle Mariners : RHP Jake Underhill
|
|
Batting: RHB Preston Deakyne
|
0-0: Swinging Strike 0-1: Ball 1-1: Foul Ball, location: 2F 1-2: Strikes out swinging
|
|
Batting: LHB Mark Reeg
|
0-0: Ground out 4-3 (Groundball, 34D, EV 90.6 MPH)
|
|
Batting: RHB Alain Delhaye
|
0-0: Ball 1-0: Fly out, F8 (Flyball, 8LM, EV 73.1 MPH)
|
| Top of the 6th over - 0 runs, 0 hits, 0 errors, 0 left on base; California 0 - Seattle 3 |
| BOTTOM OF THE 6TH |
|
Seattle Mariners batting - Pitching for California Angels : RHP Harambe Vick
|
|
Batting: LHB Tommy Luce
|
0-0: Called Strike 0-1: Ball 1-1: Ball 2-1: Foul Ball, location: 2F 2-2: Foul Ball, location: 2F 2-2: Strikes out swinging
|
|
Batting: RHB Pavpv Ivanushkin
|
0-0: Called Strike 0-1: Fly out, F4 (Popup, 4M, EV 54.4 MPH)
|
|
Batting: RHB Jimmy Hammertime
|
0-0: Ball 1-0: Swinging Strike 1-1: Ball 2-1: Ball 3-1: Foul Ball, location: 2F 3-2: Strikes out swinging
|
| Bottom of the 6th over - 0 runs, 0 hits, 0 errors, 0 left on base; California 0 - Seattle 3 |
| TOP OF THE 7TH |
|
California Angels batting - Pitching for Seattle Mariners : RHP Jake Underhill
|
|
Now in LF: Jerrod Cluck
|
|
|
Batting: LHB Jonathon Walton
|
0-0: Ball 1-0: Called Strike 1-1: Swinging Strike 1-2: Strikes out swinging, 2-3 out at first.
|
|
Batting: RHB Bjoern Waltersson
|
0-0: Called Strike 0-1: DOUBLE (Line Drive, 7LS, EV 105.0 MPH)
|
|
Batting: LHB Javier Trujillo
|
0-0: Called Strike 0-1: Foul Ball, location: 2F 0-2: Ball 1-2: SINGLE (Line Drive, 78S, EV 106.9 MPH) Bjoern Waltersson to third Runner from 3rd tries for Home, SAFE, throw by LF to home
|
|
Pitching: RHP Willie Sanchez
|
|
|
Batting: RHB Ryuji Ito
|
0-0: Called Strike 0-1: Fly out, F6 (Flyball, 6MD, EV 87.5 MPH)
|
|
Batting: LHB Rusty Ney
|
0-0: Called Strike 0-1: Ball 1-1: Ball 2-1: Ball 3-1: Swinging Strike 3-2: Base on Balls Javier Trujillo to second
|
|
Batting: RHB Nick Dunn
|
0-0: Swinging Strike 0-1: Ball 1-1: Ball 2-1: Fielders Choice at 2nd, 6-4 (Groundball, 6, EV 82.5 MPH)
|
| Top of the 7th over - 1 run, 2 hits, 0 errors, 2 left on base; California 1 - Seattle 3 |
| BOTTOM OF THE 7TH |
|
Seattle Mariners batting - Pitching for California Angels : RHP Harambe Vick
|
|
Pitching: RHP Gus Morante
|
|
|
Batting: SHB Ray Skogen
|
0-0: Ball 1-0: Called Strike 1-1: Ball 2-1: Ground out 4-3 (Groundball, 13, EV 85.0 MPH)
|
|
Batting: RHB Rick Ellis
|
0-0: Called Strike 0-1: Ball 1-1: Ball 2-1: Foul Ball, location: 2F 2-2: Ball 3-2: Foul Ball, location: 2F 3-2: Strikes out swinging
|
|
Batting: RHB Malik Brookshire
|
0-0: Called Strike 0-1: Foul Ball, location: 2F 0-2: Ball 1-2: Strikes out swinging
|
| Bottom of the 7th over - 0 runs, 0 hits, 0 errors, 0 left on base; California 1 - Seattle 3 |
| TOP OF THE 8TH |
|
California Angels batting - Pitching for Seattle Mariners : RHP Willie Sanchez
|
|
Batting: RHB Preston Deakyne
|
0-0: Ball 1-0: Foul Ball, location: 2F 1-1: Called Strike 1-2: Foul Ball, location: 2F 1-2: Strikes out looking
|
|
Batting: LHB Mark Reeg
|
0-0: Ball 1-0: Swinging Strike 1-1: SINGLE (Groundball, 4MD, EV 105.6 MPH)
|
|
Batting: RHB Alain Delhaye
|
0-0: Called Strike 0-1: Called Strike 0-2: Grounds into double play, 5-4-3 (Groundball, 56, EV 86.9 MPH)
|
| Top of the 8th over - 0 runs, 1 hit, 0 errors, 0 left on base; California 1 - Seattle 3 |
| BOTTOM OF THE 8TH |
|
Seattle Mariners batting - Pitching for California Angels : RHP Gus Morante
|
|
Batting: RHB Tony Vargas
|
0-0: Ball 1-0: Swinging Strike 1-1: Foul Ball, location: 2F 1-2: Ball 2-2: Foul Ball, location: 2F 2-2: Strikes out swinging
|
|
Batting: LHB Dae-ik Yoon
|
0-0: Called Strike 0-1: Ball 1-1: Ground out 3-1 (Groundball, 34S, EV 82.5 MPH)
|
|
Batting: RHB Jose Vasquez
|
0-0: Called Strike 0-1: Called Strike 0-2: Ball 1-2: Ball 2-2: Ball 3-2: Base on Balls
|
|
Batting: LHB Jerrod Cluck
|
0-0: Ball 1-0: Ball Jose Vasquez steals 2nd base (no throw) 2-0: Ball 3-0: Base on Balls
|
|
Batting: RHB Pavpv Ivanushkin
|
0-0: Ball 1-0: Fly out, F7 (Line Drive, 7, EV 96.9 MPH)
|
| Bottom of the 8th over - 0 runs, 0 hits, 0 errors, 2 left on base; California 1 - Seattle 3 |
| TOP OF THE 9TH |
|
California Angels batting - Pitching for Seattle Mariners : RHP Willie Sanchez
|
|
Batting: LHB Jonathon Walton
|
0-0: Foul Ball, location: 2F 0-1: Ball 1-1: Fly out, F8 (Flyball, 8RXD, EV 84.4 MPH)
|
|
Batting: RHB Bjoern Waltersson
|
0-0: Ball 1-0: Ball 2-0: Fly out, F8 (Line Drive, 8LM, EV 101.9 MPH)
|
|
Batting: LHB Javier Trujillo
|
0-0: Called Strike 0-1: Ball 1-1: Fly out, F7 (Flyball, 7S, EV 75.6 MPH)
|
| Top of the 9th over - 0 runs, 0 hits, 0 errors, 0 left on base; California 1 - Seattle 3 |
|